 Dungeon Crawl Stone Soup version 0.28-a0-1545-g945cd3f27e (webtiles) character file.

Game seed: 13095130826827387851

296233 Nattfarinn the Warrior (level 20, -8/191 HPs)
             Began as a Hill Orc Fighter on Jan 17, 2022.
             Was the Champion of Okawaru.
             Mangled by Margery the human simulacrum (38 damage)
             ... on level 2 of the Vaults on Jan 18, 2022.
             The game lasted 02:23:55 (66379 turns).

Nattfarinn the Warrior (Hill Orc Fighter)          Turns: 66379, Time: 02:23:55

Health: -8/191     AC: 39    Str: 36    XL:     20   Next: 90%
Magic:  33/33      EV: 15    Int: 17    God:    Okawaru [******]
Gold:   1498       SH: 15    Dex: 16    Spells: 33/37 levels left

rFire   . . .      SeeInvis .   a - +9 war axe (vorpal)
rCold   . . .      Faith    .   c - +1 buckler
rNeg    + . .      Spirit   .   M - +12 chain mail of Dramatic Exits {rElec rCorr}
rPois   +          Reflect  +   u - +2 helmet "Qeapn" {Dex+3}
rElec   +          Harm     .   S - +0 cloak of Calan {Str+5}
rCorr   +          Rampage  .   Z - +2 pair of gloves of the Volcano {+Blink Will- Dex+6}
Will    .....                   k - +2 pair of boots
Stlth   ..........              W - amulet of the Hidden Demons {Reflect Int+7 SH+5}
HPRegen 0.41/turn               w - ring of flight
MPRegen 0.23/turn               Y - ring "Quok" {rPois rN+ Str+3 Dex-3}

@: flying
A: talons 1, clever 1
}: 2/15 runes: barnacled, gossamer
a: Renounce Religion, Evoke Blink, Heroism, Finesse, Duel


You were on level 2 of the Vaults.
You worshipped Okawaru.
Okawaru was exalted by your worship.
You visited 7 branches of the dungeon, and saw 34 of its levels.
You visited the Abyss 3 times.
You also visited: Ice Cave.

You collected 3754 gold pieces.
You spent 2256 gold pieces at shops.

Inventory:

Hand Weapons
 a - a +9 vorpal war axe (weapon)
 b - the +5 hunting sling of Fury {venom, rElec Will+}
   (You found it on level 9 of the Dungeon)

   Any ammunition fired from it poisons the flesh of those it strikes.
   rElec:     It insulates you from electricity.
   Will:      It increases your willpower.
 I - the +3 hunting sling "Fisivu" {speed, rElec rPois rC+}
   (You found it on level 7 of the Dungeon)

   Attacks with this weapon are significantly faster.
   rC:        It protects you from cold.
   rElec:     It insulates you from electricity.
   rPois:     It protects you from poison.
Missiles
 y - 1021 stones (quivered)
Armour
 c - a +1 buckler (worn)
 g - the +10 tower shield of Ignorance {rN+ Int-4}
   (Okawaru gifted it to you on level 15 of the Dungeon)

   Int:       It affects your intelligence (-4).
   rN:        It protects you from negative energy.
 k - a +2 pair of boots (worn)
 u - the +2 helmet "Qeapn" (worn) {Dex+3}
   (Okawaru gifted it to you on level 3 of the Spider Nest)

   Dex:       It affects your dexterity (+3).
 M - the +12 chain mail of Dramatic Exits (worn) {rElec rCorr}
   (Okawaru gifted it to you on level 3 of the Lair of Beasts)

   rElec:     It insulates you from electricity.
   rCorr:     It protects you from acid and corrosion.
 S - the +0 cloak of Calan (worn) {Str+5}
   (Okawaru gifted it to you on level 6 of the Lair of Beasts)

   Str:       It affects your strength (+5).
 Z - the +2 pair of gloves of the Volcano (worn) {+Blink Will- Dex+6}
   (Okawaru gifted it to you on level 1 of the Spider Nest)

   Dex:       It affects your dexterity (+6).
   +Blink:    It lets you blink.
   Will:      It decreases your willpower.
Jewellery
 w - a ring of flight (left hand)
 x - a ring of willpower
 L - the amulet of Piucu {Spirit Slay+2}
   (You took it off a meliai on level 3 of the Spider Nest)

   [amulet of guardian spirit]

   It causes incoming damage to be divided between your reserves of health and
   magic.
   Slay:      It affects your accuracy & damage with ranged weapons and melee
   (+2).
 T - the ring "Souceole" {Fire rElec MP+9}
   (You found it in an ice cave)

   [ring of fire]

   It enhances your fire magic.
   rF:        It protects you from fire.
   rC:        It makes you vulnerable to cold.
   rElec:     It insulates you from electricity.
   MP:        It affects your magic capacity (+9).
 V - a ring of protection from cold
 W - the amulet of the Hidden Demons (around neck) {Reflect Int+7 SH+5}
   (You bought it in a shop on level 4 of the Dungeon)

   [amulet of reflection]

   It reflects blocked missile attacks.
   Int:       It affects your intelligence (+7).
   SH:        It affects your SH (+5).
 Y - the ring "Quok" (right hand) {rPois rN+ Str+3 Dex-3}
   (You bought it in a shop on level 8 of the Dungeon)

   [ring of poison resistance]

   Str:       It affects your strength (+3).
   Dex:       It affects your dexterity (-3).
   rPois:     It protects you from poison.
   rN:        It protects you from negative energy.
Wands
 l - a wand of digging (17)
 s - a wand of flame (35)
 t - a wand of polymorph (13)
 D - a wand of acid (5)
 E - a wand of iceblast (38)
 N - a wand of paralysis (11)
Scrolls
 h - 10 scrolls of immolation
 p - 5 scrolls of amnesia
 r - 3 scrolls of holy word
 B - 7 scrolls of teleportation
 C - 3 scrolls of enchant weapon
 G - 3 scrolls of fog
 H - a scroll of magic mapping
 J - 5 scrolls of vulnerability
 K - 3 scrolls of blinking
 Q - 2 scrolls of fear
 X - 7 scrolls of identify
Potions
 d - 3 potions of might
 e - a potion of mutation
 f - 6 potions of ambrosia
 i - 6 potions of haste
 j - 5 potions of curing
 m - 3 potions of magic
 o - 8 potions of heal wounds
 q - a potion of invisibility
 v - 4 potions of cancellation
 z - 4 potions of attraction
 A - 4 potions of flight
 F - 3 potions of lignification
 O - 2 potions of resistance
 R - 4 potions of brilliance
Miscellaneous
 n - a tin of tremorstones (inert)
 P - a lightning rod (4/4)
 U - a phantom mirror


   Skills:
 - Level 19.0 Fighting
 - Level 16.0 Axes
 - Level 9.1 Slings
 - Level 16.7 Armour
 - Level 10.0 Dodging
 - Level 16.8 Shields
 - Level 9.1 Spellcasting
 * Level 9.3 Poison Magic
 - Level 14.9 Invocations
 - Level 10.4 Evocations


You had 33 spell levels left.
You knew the following spells:

 Your Spells              Type           Power      Damage    Failure   Level
a - Olgreb's Toxic Radia  Pois           39%        N/A       5%          4

Your spell library contained the following spells:

 Spells                   Type           Power      Damage    Failure   Level
 Sting                    Tmut/Pois      92%        1d7       3%          1
 Poisonous Vapours        Pois/Air       46%        N/A       6%          2
 Ignite Poison            Fire/Tmut/Pois 18%        N/A       22%         3
 Mephitic Cloud           Conj/Pois/Air  18%        N/A       22%         3
 Foxfire                  Conj/Fire      28%        2x1d5     26%         1
 Magic Dart               Conj           28%        1d4       26%         1
 Pain                     Necr           28%        1d5       26%         1
 Corpse Rot               Necr/Air       14%        N/A       36%         2
 Ensorcelled Hibernation  Hex/Ice        14%        N/A       36%         2
 Scorch                   Fire           14%        2d6       36%         2
 Searing Ray              Conj           14%        2d5       36%         2
 Static Discharge         Conj/Air       7%         N/A       36%         2
 Sublimation of Blood     Necr           7%         N/A       36%         2
 Wereblood                Tmut           7%         N/A       36%         2
 Conjure Flame            Conj/Fire      7%         6-21      61%         3
 Frozen Ramparts          Ice            14%        1d3       61%         3
 Gell's Gravitas          Tloc           7%         N/A       61%         3
 Inner Flame              Hex/Fire       7%         N/A       61%         3
 Portal Projectile        Hex/Tloc       14%        N/A       61%         3
 Teleport Other           Tloc           7%         N/A       61%         3
 Anguish                  Hex/Necr       3%         N/A       95%         4
 Dispel Undead            Necr           7%         3d8       95%         4
 Flame Wave               Conj/Fire      7%         2d4       95%         4
 Fulminant Prism          Conj/Hex       3%         3d6       95%         4
 Hailstorm                Conj/Ice       7%         3d4       95%         4
 Ice Form                 Ice/Tmut       7%         N/A       95%         4
 Leda's Liquefaction      Hex/Erth       3%         N/A       95%         4
 Passage of Golubria      Tloc           7%         N/A       95%         4
 Petrify                  Tmut/Erth      7%         N/A       95%         4
 Sticky Flame             Conj/Fire      7%         2d3       95%         4
 Agony                    Necr           7%         N/A       100%        5
 Blade Hands              Tmut           3%         N/A       100%        5
 Excruciating Wounds      Necr           3%         N/A       100%        5
 Irradiate                Conj/Tmut      3%         3d14      100%        5
 Metabolic Englaciation   Hex/Ice        3%         N/A       100%        5
 Silence                  Hex/Air        3%         N/A       100%        5
 Conjure Ball Lightning   Conj/Air       3%         3x3d6     100%        6
 Dispersal                Tloc           3%         N/A       100%        6
 Statue Form              Tmut/Erth      4%         N/A       100%        6
 Dragon Form              Tmut           3%         N/A       100%        7
 Discord                  Hex            3%         N/A       100%        8
 Disjunction              Tloc           3%         N/A       100%        8
 Lehudib's Crystal Spear  Conj/Erth      3%         10d3      100%        8
 Summon Small Mammal      Summ           Unusable   N/A       N/A         1
 Call Imp                 Summ           Unusable   N/A       N/A         2
 Call Canine Familiar     Summ           Unusable   N/A       N/A         3
 Summon Guardian Golem    Hex/Summ       Unusable   N/A       N/A         3
 Simulacrum               Ice/Necr       Unusable   N/A       N/A         6
 Summon Hydra             Summ           Unusable   N/A       N/A         7

Dungeon Overview and Level Annotations

Branches:
Dungeon (15/15)            Temple (1/1) D:6            Lair (6/6) D:9
 Shoals (4/4) Lair:2       Spider (4/4) Lair:2        Slime (0/5) Lair:6
    Orc (2/2) D:10            Elf (0/3) Orc:2        Vaults (2/5) D:13
 Depths (0/4) D:15          IceCv (visited)
  Crypt: Vaults:2-3

Altars:
Ashenzari
Cheibriados
Dithmenos
Elyvilon
Fedhas
Gozag
Hepliaklqana
Kikubaaqudgha
Makhleb
Nemelex Xobeh
Okawaru
Qazlal
Ru
Sif Muna
Trog
Uskayaw
Vehumet
Wu Jian
Xom
Yredelemnul
Zin
The Shining One
Beogh
Jiyva

Shops:
D:4 =   D:6 [[!!*   D:8 =   D:12 ?   Orc:2 !=(:   Shoals:1 (

Annotations:
D:6 1 runed translucent door, Crazy Yiuf
D:9 6 transporters
D:10 Fannar
Spider:4 1 exclusion


Innate Abilities, Weirdness & Mutations

You have sharp toenails.
Your mind is acute. (Int +2)


Message History

You slash Margery!
Margery is severely wounded.
You slash Margery!
Margery is severely wounded.
Margery hits you with a +1 broad axe.
You barely miss Margery.
Margery is severely wounded.
Margery points at you and mumbles some strange words.
The bolt of fire hits you!!!
* * * LOW HITPOINT WARNING * * *
You hit Margery but do no damage.
Margery is severely wounded.
You slice Margery!!
Margery is almost dead.
Margery gestures.
Margery's hands start to glow.
You block Margery's attack.
You closely miss Margery.
Margery is almost dead.
You block Margery's attack.
You slash Margery!
Margery is almost dead.
You block Margery's attack.
You slash Margery!
You kill Margery!
Okawaru is honoured by your kill.
A freezing mist starts to gather...
Margery the Dragonslayer comes into view.
Things that are here:
a +1 broad axe; +0 shadow dragon scales You slice Margery!!
Margery is moderately damaged.
You block Margery's attack.
You hit Margery.
Margery is heavily damaged.
You barely miss Margery.
Margery is heavily damaged.
Margery hits you!
* * * LOW HITPOINT WARNING * * *
Margery freezes you!!!
You die...

#.<.##.....#.##.)#
##..##.....#..[#†#
###.##.....#..#..#
.#.###.....#..#..#
.#..##.....#.....#
.+.<.#.....#...#.# #
.#..##.....#..##.# p#
.#.###.....#.....# ..#
###(##.....#....@#...#
##..##.....#.#.#Z)...#
#...##.....#.....#)..#
....##.....#######...#
######.......... ..#
######.......... ..#
................ .#
........######## .#
........# .....


You could see Margery the human simulacrum.

Vanquished Creatures
  Margery (Vaults:2)
  A bone dragon (Abyss:2)
  Jorgrun (D:13)
  A kraken (Shoals:2)
  Polyphemus (Shoals:3)
  2 tentacled starspawn (Abyss:2)
  Kirke (Arena)
  The ghost of Xycetz the Nimble, an adept DsGl of Gozag (Spider:4)
  A draconian knight (IceCv)
  2 ghost moths
  5 vault wardens (Vaults:1)
  An orc warlord (Vaults:2)
  8 emperor scorpions
  Aizul (Spider:3)
  11 ironbound preservers
  A war gargoyle (Vaults:1)
  2 ironbound thunderhulks
  5 broodmothers
  2 very ugly things (Vaults:1)
  8 entropy weavers
  A spark wasp (Spider:1)
  A yellow draconian (Abyss:3)
  13 dire elephants (Vaults:1)
  5 white draconians
  An ettin (D:15)
  A fire dragon (D:13)
  8 merfolk javelineers
  Josephine (Lair:4)
  2 great orbs of eyes
  7 merfolk impalers
  A yaktaur captain (Vaults:2)
  2 vault guards
  4 jorogumos
  9 boulder beetles
  8 hydras
  A spriggan zombie (Abyss:2)
  5 catoblepae
  3 ice dragons
  A peacekeeper (Vaults:1)
  A rakshasa (Abyss:3)
  3 ironbound frosthearts (Vaults:2)
  2 two-headed ogres
  16 centaur warriors
  5 merfolk aquamancers
  3 radroaches (Spider:3)
  3 satyrs
  A death knight (D:15)
  2 merfolk avatars
  15 death yaks
  3 alligator snapping turtles (Shoals:3)
  An orc high priest (Orc:1)
  3 tengu warriors
  8 death scarabs (Spider:4)
  3 thrashing horrors
  Nergalle (D:10)
  5 hell knights (Vaults:2)
  A spectral emperor scorpion (Spider:4)
  Urug (Orc:2)
  4 pharaoh ants
  5 skeletal warriors (D:15)
  A wretched star (Abyss:2)
  27 deep trolls
  10 sea snakes
  A spatial maelstrom (Abyss:2)
  A sun moth (Spider:2)
  5 steelbarb worms
  An orange crystal statue (IceCv)
  4 spectral wolf spiders (Spider:4)
  9 lindwurms
  15 orb spiders
  14 harpies
  A kraken simulacrum (Shoals:4)
  8 wizards
  A wolf spider zombie (Spider:4)
  2 phantasmal warriors
  6 ironbound convokers
  7 orc knights
  A harpy (shapeshifter) (D:13)
  23 wolf spiders
  2 necromancers
  An orc sorcerer (Orc:1)
  A deep elf pyromancer (D:12)
  21 ugly things
  3 moths of wrath
  5 cyclopes
  22 manticores
  13 fauns
  2 centaur zombies (D:11)
  18 elephants
  6 merfolk sirens
  Maurice (D:10)
  2 black mambas
  10 cane toads
  A smoke demon (Abyss:2)
  2 apocalypse crabs
  5 vault sentinels (Vaults:1)
  5 storm dragon simulacra (IceCv)
  An unseen horror (D:12)
  11 torpor snails
  3 spectral redbacks (Spider:4)
  A kobold demonologist (D:7)
  5 komodo dragons
  An efreet (D:15)
  3 yaktaurs
  4 rime drakes
  10 demonic crawlers
  2 freezing wraiths
  A redback zombie (Spider:4)
  An ice devil (Abyss:3)
  A tormentor (Abyss:2)
  3 tengu conjurers
  5 golden dragon simulacra (IceCv)
  4 trolls
  3 polar bears
  15 meliai
  38 merfolk
  5 hornets (Spider:4)
  4 spectral jumping spiders (Spider:4)
  5 wind drakes
  4 spectral tarantellas (Spider:4)
  9 raiju
  6 blink frogs (Lair:5)
  42 tarantellas
  2 tarantella zombies (Spider:4)
  10 snapping turtles
  31 dream sheep
  3 jumping spider zombies (Spider:4)
  13 slime creatures
  A meliai zombie (D:7)
  32 jumping spiders
  14 culicivoras
  6 wyverns
  12 wraiths
  10 spriggans (Lair:2)
  A shadow (D:11)
  9 water elementals
  4 humans (D:12)
  2 steam dragons
  Grum (D:8)
  46 yaks
  59 redbacks
  9 vampire mosquitoes
  5 basilisks
  A spatial vortex (Abyss:2)
  2 wargs
  4 acid dragons
  6 large abominations
  19 water moccasins
  A spectral hornet (Spider:4)
  A floating eye (shapeshifter) (Vaults:1)
  43 orc warriors
  An ice beast (D:5)
  A sky beast (D:8)
  2 black bears
  2 hornet zombies (Spider:4)
  4 ice dragon simulacra (IceCv)
  3 boggarts (Vaults:1)
  A necrophage (D:8)
  4 starcursed masses (Abyss:2)
  6 ogres
  41 wolves
  2 phantoms (D:5)
  3 small abominations
  28 centaurs
  Blork the orc (D:5)
  2 kobold brigands (D:5)
  16 bullfrogs
  3 gnoll sergeants
  7 scorpions
  A water moccasin skeleton (D:6)
  7 lindwurm simulacra (IceCv)
  5 wights
  9 killer bees
  3 howler monkeys (D:14)
  A vampire bat (Lair:6)
  5 electric eels (D:9)
  A quasit (Abyss:3)
  8 hounds
  A bullfrog skeleton (D:5)
  13 orc priests
  An iguana (D:6)
  23 orc wizards
  5 hell rats (Lair:4)
  A hound zombie (D:5)
  3 hound skeletons
  4 howler monkey zombies
  13 gnolls
  5 adders
  A shadow imp (D:5)
  A white imp (D:8)
  An ufetubus (Abyss:2)
  5 adder skeletons (D:4)
  2 worms
  A dart slug (D:1)
  100 orcs
  15 bats
  7 endoplasms
  5 giant cockroaches
  10 goblins
  5 hobgoblins
  15 kobolds
  4 quokkas
  4 ball pythons
  2 frilled lizards
  6 rats
  2 bushes
  A starspawn tentacle (Abyss:2)
  2 tentacles (Shoals:2)
1432 creatures vanquished.

Vanquished Creatures (collateral kills)
  A phantom (D:4)
1 creature vanquished.

Vanquished Creatures (others)
  A manticore (Shoals:2)
  A tarantella (Spider:2)
  An orc wizard (Orc:2)
  56 fungi
  102 plants
  6 starspawn tentacles (Abyss:2)
  13 tentacles
  A withered plant (D:14)
181 creatures vanquished.

Grand Total: 1614 creatures vanquished

Notes
Turn   | Place    | Note
-------+----------+-------------------------------------------
     0 | D:1      | Nattfarinn the Hill Orc Fighter began the quest for the
                  | Orb.
     0 | D:1      | Reached XP level 1. HP: 19/19 MP: 1/1
   247 | D:1      | Reached XP level 2. HP: 27/27 MP: 2/2
   383 | D:1      | Reached skill level 4 in Fighting
   388 | D:1      | Found a faded altar of an unknown god.
  1149 | D:2      | Reached XP level 3. HP: 33/33 MP: 3/3
  2061 | D:2      | Reached XP level 4. HP: 40/41 MP: 4/4
  2609 | D:3      | Found a white marble altar of Elyvilon.
  2776 | D:4      | Noticed a phantom
  2793 | D:3      | Found an iron altar of Okawaru.
  3171 | D:3      | Identified a scroll of acquirement
  3172 | D:3      | Acquired a manual of Armour
  3651 | D:4      | Killed a phantom
  3652 | D:4      | Reached skill level 5 in Fighting
  3652 | D:4      | Reached skill level 5 in Armour
  3652 | D:4      | Reached XP level 5. HP: 33/48 MP: 5/5
  3936 | D:4      | Found Ziaxtili's Jewellery Shoppe.
  4237 | D:4      | Reached XP level 6. HP: 56/56 MP: 6/6
  4734 | D:5      | Entered Level 5 of the Dungeon
  4734 | D:5      | Noticed a black bear
  4866 | D:5      | Reached skill level 6 in Fighting
  4866 | D:5      | Reached XP level 7. HP: 27/63 MP: 7/7
  5053 | D:5      | Noticed Blork the orc
  5078 | D:5      | Killed Blork the orc
  5336 | D:5      | Reached skill level 5 in Axes
  5346 | D:5      | Reached skill level 7 in Fighting
  5346 | D:5      | Reached skill level 5 in Shields
  5566 | D:5      | Reached XP level 8. HP: 37/73 MP: 8/8
  6614 | D:6      | Found Ibber's Antique Armour Shoppe.
  6876 | D:6      | Found Duskegun's Armour Emporium.
  6922 | D:6      | Reached skill level 8 in Fighting
  7134 | D:6      | Reached skill level 10 in Armour
  7174 | D:6      | Found Kejaa's Distillery.
  7174 | D:6      | Found Vitseled's Distillery.
  7270 | D:6      | Reached XP level 9. HP: 71/82 MP: 9/9
  7354 | D:6      | Found Amauqe's General Store.
  7456 | D:6      | Found a staircase to the Ecumenical Temple.
  7646 | Temple   | Entered the Ecumenical Temple
  8105 | D:6      | Reached skill level 9 in Fighting
  8243 | D:3      | Became a worshipper of Warmaster Okawaru
  8333 | D:6      | Bought an ichor-stained plate armour for 588 gold pieces
  8333 | D:6      | Identified the +0 plate armour "Irrics Hufid" {Drain rElec
                  | Str-2 Stlth+} (You bought it in a shop on level 6 of the
                  | Dungeon)
  8406 | D:6      | Found a runed translucent door.
  8407 | D:6      | Noticed Crazy Yiuf
  8843 | D:7      | Noticed a kobold demonologist
  8874 | D:7      | Killed a kobold demonologist
  8939 | D:7      | Identified the +3 hunting sling "Fisivu" {speed, rElec
                  | rPois rC+}
  9348 | D:7      | Reached * piety under Okawaru
  9349 | D:7      | Reached skill level 1 in Invocations
  9882 | D:8      | Reached ** piety under Okawaru
  9883 | D:8      | Reached skill level 5 in Invocations
  9893 | D:8      | Reached XP level 10. HP: 36/92 MP: 12/14
 10598 | D:8      | Noticed Grum
 10609 | D:8      | Killed Grum
 10891 | D:8      | Found Wuutorch's Jewellery Shoppe.
 11178 | D:9      | Noticed a two-headed ogre
 11180 | D:9      | Found a transporter.
 11440 | D:8      | Killed a two-headed ogre
 11968 | D:9      | Reached *** piety under Okawaru
 12534 | D:9      | Reached skill level 5 in Slings
 12974 | D:9      | Identified the +5 hunting sling of Fury {venom, rElec
                  | Will+}
 13014 | D:9      | Found a staircase to the Lair.
 13243 | D:9      | Found a transporter.
 13249 | D:9      | Found a transporter.
 13268 | D:9      | Found a transporter.
 13474 | D:9      | Noticed a centaur warrior
 13490 | D:9      | Killed a centaur warrior
 13491 | D:9      | Reached XP level 11. HP: 42/99 MP: 14/16
 13992 | D:9      | Found a transporter.
 14028 | D:9      | Received a gift from Okawaru
 14127 | D:9      | Found a transporter.
 15436 | D:10     | Entered Level 10 of the Dungeon
 15479 | D:10     | Noticed Maurice
 15491 | D:10     | Killed Maurice
 15510 | D:10     | Noticed a centaur warrior
 15510 | D:10     | Noticed a catoblepas
 15521 | D:10     | Reached **** piety under Okawaru
 15614 | D:10     | Noticed a centaur warrior
 15626 | D:10     | Noticed a wizard
 15630 | D:10     | Noticed Nergalle
 15635 | D:10     | Gained mutation: You tend to lose your temper in combat.
                  | [potion of mutation]
 15635 | D:10     | Gained mutation: You are robust. (+10% HP) [potion of
                  | mutation]
 15639 | D:10     | Killed a centaur warrior
 15639 | D:10     | Received a gift from Okawaru
 15639 | D:10     | Found a roughly hewn altar of Beogh.
 15639 | D:10     | Found a staircase to the Orcish Mines.
 16033 | D:10     | Noticed a two-headed ogre
 16051 | D:10     | Killed a two-headed ogre
 16438 | D:10     | Lost mutation: You tend to lose your temper in combat.
                  | [potion of mutation]
 16438 | D:10     | Lost mutation: You are robust. (+10% HP) [potion of
                  | mutation]
 16438 | D:10     | Gained mutation: Your mind is acute. (Int +2) [potion of
                  | mutation]
 16438 | D:10     | Gained mutation: You have sharp toenails. [potion of
                  | mutation]
 16531 | D:10     | Reached skill level 10 in Fighting
 16567 | D:10     | Noticed a tengu warrior
 16590 | D:10     | Killed a tengu warrior
 16649 | D:10     | Noticed an orc knight
 16806 | D:10     | Killed an orc knight
 17157 | D:10     | Noticed Fannar
 17259 | D:11     | Reached skill level 10 in Axes
 17743 | D:11     | Reached skill level 11 in Fighting
 17816 | D:11     | Received a gift from Okawaru
 18446 | Lair:1   | Entered Level 1 of the Lair of Beasts
 18602 | Lair:1   | Identified the +1 cloak of Discretion {rC+ Will+ Dex-5}
 18663 | Lair:1   | Reached XP level 12. HP: 100/111 MP: 17/17
 18769 | Lair:1   | Reached skill level 12 in Fighting
 18811 | Lair:1   | Received a gift from Okawaru
 18820 | Lair:1   | Reached ***** piety under Okawaru
 19752 | Lair:2   | Found a hole to the Spider Nest.
 19756 | Lair:2   | Reached skill level 13 in Fighting
 20326 | Lair:2   | Noticed a four-headed hydra
 20339 | Lair:2   | Killed a four-headed hydra
 20339 | Lair:2   | Received a gift from Okawaru
 20772 | Lair:2   | Reached skill level 14 in Fighting
 20790 | Lair:2   | Received a gift from Okawaru
 20996 | Lair:2   | Received a gift from Okawaru
 21286 | Lair:2   | Reached skill level 15 in Fighting
 21333 | Lair:2   | Found a staircase to the Shoals.
 21502 | Lair:2   | Reached XP level 13. HP: 30/126 MP: 18/18
 22346 | Lair:3   | Received a gift from Okawaru
 22984 | Lair:3   | Identified the +12 chain mail of Dramatic Exits {rElec
                  | rCorr} (Okawaru gifted it to you on level 3 of the Lair of
                  | Beasts)
 22984 | Lair:3   | Received a gift from Okawaru
 23970 | Lair:4   | Reached skill level 16 in Fighting
 24145 | Lair:4   | Noticed Josephine
 24160 | Lair:4   | Killed Josephine
 24704 | Lair:4   | Found a snail-covered altar of Cheibriados.
 24984 | Lair:4   | Reached skill level 17 in Fighting
 26113 | Lair:5   | Received a gift from Okawaru
 26153 | Lair:5   | Received a gift from Okawaru
 26154 | Lair:5   | Reached skill level 15 in Axes
 26172 | Lair:5   | Reached skill level 18 in Fighting
 26172 | Lair:5   | Reached XP level 14. HP: 35/143 MP: 16/19
 27494 | Lair:5   | Got the Catalogue of Sinister Magic and the Glacier
 28319 | Lair:5   | Reached skill level 19 in Fighting
 28570 | Lair:6   | Entered Level 6 of the Lair of Beasts
 29261 | Lair:6   | Received a gift from Okawaru
 29820 | Lair:6   | Received a gift from Okawaru
 30001 | Lair:6   | Identified the +1 scale mail of the Wumpus {Will+ Str+4
                  | Int+4}
 30059 | Lair:6   | Found a staircase to the Slime Pits.
 30060 | Lair:6   | Found a viscous altar of Jiyva.
 30292 | Lair:6   | Reached skill level 10 in Invocations
 30881 | Lair:6   | Identified the +0 cloak of Calan {Str+5} (Okawaru gifted it
                  | to you on level 6 of the Lair of Beasts)
 30881 | Lair:6   | Received a gift from Okawaru
 31465 | Lair:6   | Reached XP level 15. HP: 131/152 MP: 22/24
 32429 | D:10     | Killed Nergalle
 32797 | D:12     | Noticed Kirke
 32798 | Arena    | Entered the Arena
 32806 | Arena    | Killed Kirke
 33232 | D:12     | Found Puzovuyt's Magic Scroll Boutique.
 33241 | D:12     | Bought a scroll of enchant weapon for 90 gold pieces
 35021 | D:13     | Reached skill level 10 in Shields
 35146 | D:13     | Found a gate to the Vaults.
 35189 | D:13     | Identified the +3 long sword of Uskayaw's Generosity
                  | {protect, +Blink rF- Str+8 Int-5}
 35617 | D:14     | Noticed Jorgrun
 35940 | D:13     | Killed Jorgrun
 37605 | D:14     | Found a basalt altar of Yredelemnul.
 37821 | D:15     | Entered Level 15 of the Dungeon
 37960 | D:15     | Reached skill level 15 in Armour
 38232 | D:15     | Reached XP level 16. HP: 97/160 MP: 27/27
 38232 | D:15     | Received a gift from Okawaru
 38232 | D:15     | Found the +10 tower shield of Ignorance {rN+ Int-4}
 38843 | D:15     | Found a staircase to the Depths.
 39045 | D:15     | Cast into level 3 of the Abyss (a wizard)
 39045 | Abyss:3  | Found a corrupted altar of Lugonu.
 39127 | D:15     | Escaped the Abyss
 39935 | D:15     | Found a hazy altar of Hepliaklqana.
 40207 | D:4      | Bought the amulet of the Hidden Demons {Reflect Int+7 SH+5}
                  | for 723 gold pieces
 40437 | D:12     | Bought a scroll of teleportation for 36 gold pieces
 40437 | D:12     | Bought a scroll of blinking for 90 gold pieces
 40437 | D:12     | Bought a scroll of identify for 24 gold pieces
 40437 | D:12     | Bought a scroll of identify for 24 gold pieces
 40530 | Orc:1    | Entered Level 1 of the Orcish Mines
 40705 | Orc:1    | You fall into a shaft and drop 1 floor!
 40705 | Orc:2    | Entered Level 2 of the Orcish Mines
 40715 | Orc:2    | Noticed Urug
 40736 | Orc:2    | Killed Urug
 41100 | Orc:2    | Found Koigocom's Weapon Shop.
 41100 | Orc:2    | Found Zumm's Jewellery Emporium.
 41102 | Orc:2    | Found Immaoky's Distillery.
 41104 | Orc:2    | Found Filip's Book Boutique.
 41486 | Orc:2    | Found a staircase to the Elven Halls.
 42033 | Orc:1    | Found a roughly hewn altar of Beogh.
 42445 | D:8      | Bought the ring "Quok" {rPois rN+ Str+3 Dex-3} for 436 gold
                  | pieces
 42581 | Spider:1 | Entered Level 1 of the Spider Nest
 42785 | Spider:1 | Identified the +2 pair of gloves of the Volcano {+Blink
                  | Will- Dex+6} (Okawaru gifted it to you on level 1 of the
                  | Spider Nest)
 42785 | Spider:1 | Received a gift from Okawaru
 43251 | Spider:1 | Reached ****** piety under Okawaru
 44063 | Spider:1 | Reached XP level 17. HP: 158/168 MP: 28/28
 44273 | Spider:1 | Reached skill level 15 in Shields
 45050 | Spider:2 | Received a gift from Okawaru
 45299 | Spider:2 | Received a gift from Okawaru
 46415 | Spider:3 | Reached skill level 1 in Dodging
 46732 | Spider:3 | Identified the amulet of Piucu {Spirit Slay+2}
 47120 | Spider:3 | Noticed Aizul
 47139 | Spider:3 | Killed Aizul
 47158 | Spider:3 | Reached skill level 5 in Dodging
 47691 | Spider:4 | Entered Level 4 of the Spider Nest
 47706 | Spider:3 | Received a gift from Okawaru
 47792 | Spider:4 | Noticed Xycetz's ghost (adept DsGl)
 47839 | Spider:3 | Identified the +2 helmet "Qeapn" {Dex+3} (Okawaru gifted it
                  | to you on level 3 of the Spider Nest)
 47839 | Spider:3 | Received a gift from Okawaru
 48765 | Spider:4 | Reached XP level 18. HP: 128/176 MP: 29/29
 50364 | Spider:4 | Found a runed translucent door.
 50600 | Spider:4 | Killed Xycetz's ghost
 51455 | Spider:4 | Received a gift from Okawaru
 51473 | Spider:4 | Received a gift from Okawaru
 51479 | Spider:4 | Reached skill level 10 in Dodging
 51800 | Spider:4 | Got a gossamer rune of Zot
 52175 | D:4      | Bought a ring of flight for 245 gold pieces
 52321 | Lair:2   | Upgraded the game from 0.28-a0-1518-gbe868bca14 to
                  | 0.28-a0-1545-g945cd3f27e
 52324 | Shoals:1 | Entered Level 1 of the Shoals
 52325 | Shoals:1 | Found Noczupry's Weapon Boutique.
 52332 | Shoals:1 | Reached skill level 1 in Evocations
 52910 | Shoals:1 | Identified the +7 chain mail of Tartarus {Drain rElec rN+}
                  | (Okawaru gifted it to you on level 1 of the Shoals)
 52910 | Shoals:1 | Received a gift from Okawaru
 53993 | Shoals:2 | Reached skill level 5 in Evocations
 54489 | Shoals:2 | Found a frozen archway.
 54500 | IceCv    | Entered an ice cave
 54606 | Arena    | Entered the Arena
 55187 | IceCv    | Got Nynu's Disquisition on Flames
 55821 | IceCv    | Identified the ring "Souceole" {Fire rElec MP+9}
 55905 | IceCv    | Ice
 55905 | IceCv    | :
 56325 | Shoals:2 | Reached XP level 19. HP: 163/182 MP: 30/30
 57706 | Shoals:3 | Noticed Polyphemus
 57722 | Shoals:3 | Killed Polyphemus
 57837 | Shoals:3 | Reached skill level 10 in Evocations
 58218 | Shoals:4 | Entered Level 4 of the Shoals
 58231 | Shoals:4 | Received a gift from Okawaru
 58449 | Shoals:3 | Reached skill level 1 in Spellcasting
 58940 | Shoals:3 | Received a gift from Okawaru
 59503 | Shoals:4 | Got a barnacled rune of Zot
 59752 | Shoals:4 | Received a gift from Okawaru
 60179 | Shoals:4 | Reached skill level 5 in Spellcasting
 60458 | Shoals:4 | Identified the +0 pair of gloves of the Valley of Death
                  | {Dex+3 SInv}
 60609 | Shoals:4 | Identified the +5 flail of Callousness {vorpal, rF+}
 61337 | Vaults:1 | Entered Level 1 of the Vaults
 61487 | Vaults:1 | Cast into level 3 of the Abyss (a wizard)
 61653 | Vaults:1 | Escaped the Abyss
 61679 | Vaults:1 | Cast into level 2 of the Abyss (a wizard)
 61727 | Abyss:2  | Found a sacrificial altar of Ru.
 61935 | Abyss:2  | Noticed a bone dragon
 61956 | Abyss:2  | Killed a bone dragon
 62049 | Vaults:1 | Escaped the Abyss
 62227 | Vaults:1 | Received a gift from Okawaru
 62488 | Vaults:1 | Received a gift from Okawaru
 62614 | Vaults:1 | Reached XP level 20. HP: 177/191 MP: 31/31
 63017 | Vaults:1 | Learned a level 4 spell: Olgreb's Toxic Radiance
 63267 | Vaults:1 | Reached skill level 1 in Poison Magic
 63283 | Vaults:1 | Identified the +2 dagger "Belomio" {venom, Dex+4 SInv
                  | Stlth+} (Okawaru gifted it to you on level 1 of the Vaults)
 63283 | Vaults:1 | Received a gift from Okawaru
 63713 | Vaults:1 | Paralysed by a great orb of eyes for 7 turns
 64168 | Vaults:1 | Reached skill level 5 in Poison Magic
 64526 | Vaults:1 | Received a gift from Okawaru
 65119 | Vaults:2 | Identified the +1 ring mail "Uririelo" {Str+3} (Okawaru
                  | gifted it to you on level 2 of the Vaults)
 65119 | Vaults:2 | Received a gift from Okawaru
 66354 | Vaults:2 | Noticed Margery
 66375 | Vaults:2 | Killed Margery
 66379 | Vaults:2 | Mangled by Margery the human simulacrum

Illustrated notes

##.##
##..###
#..##
##...#
##..#
###.###
#..##
#..#.##
##.##
##.##..#
#.#.#
#..#...#
##.##
##...#.##
#..#
#####..#
##.##
#@##...#
# #..#
##[.##).#
# ##.#
#....##)#
# ##..#
#....#..#
#.#.#
#)[.....#
##.##
#......##
##.#
#......#
# #.##
#.=.=..#
# ##..#
##....##


Turn 55905 on IceCv: Ice

Levels and vault maps discovered:
D:1:      dpeg_arrival_rooms_a, layout_basic, hellmonk_ecumenical_altar_lost_god
D:2:      layout_loops_corners, kennysheep_generic_room_4
D:3:      layout_loops_corners, nicolae_overflow_hidden_temple
D:4:      minmay_polygon_palace, layout_layer_cave, serial_shops,
          nicolae_shop_hallway_stairs
D:5:      nicolae_cairo_tiling_large, layout_gridville, uniq_blork_the_orc
D:6:      old_forge, layout_basic, minmay_temple_entry_ruins, serial_shops,
          shop, shop_statue, shop, nicolae_square_shop,
          nicolae_shop_statue_plus, uniq_crazy_yiuf_cottage
D:7:      layout_basic
D:8:      layout_basic, serial_shops, kennysheep_little_box,
          minmay_misc_feat_alley, nicolae_wand_duel, uniq_grum
D:9:      layout_gridville, erik_lair_island, serial_nicolae_subway,
          nicolae_sub_station_stone, nicolae_sub_station_crystal,
          nicolae_sub_station_metal
D:10:     layout_loops_ring, david_orc_5, minmay_fractal_squares_gapless_7,
          uniq_nergalle, uniq_maurice, uniq_fannar
D:11:     layout_loops_ring
D:12:     layout_loops_ring, serial_shops, shop, kb_lookout_dungeons_type,
          uniq_kirke
D:13:     layout_basic, david_vaults_4
D:14:     layout_cave_pools, yredelemnul_altar_generic, uniq_jorgrun
D:15:     hangedman_depths_entry_civil_slaughter, layout_stronghold,
          nzn_hepliaklqana_mist_gate
Temple:   mainiacjoe_temple_cubbyholes
Lair:1:   layout_gridlike, grunt_megastairs_1
Lair:2:   kb_forest_paths, layout_chaotic_city, minmay_shoals_entry_centaurs,
          spider_nest_entry_rubble, lemuel_fruit_tree
Lair:3:   layout_layer_cave, lemuel_old_faithful
Lair:4:   layout_concentric_octagons, kennysheep_snail_temple, uniq_josephine
Lair:5:   layout_roguey, hangedman_lair_generics_rect
Lair:6:   evilmike_catoblepas_cave, layout_loops_ring, slime_altar_1,
          st_stairs_10, roderic_batcave, grunt_forest_large_clearings
Shoals:1: argonaut_golden_fleece, layout_shoals, serial_shops,
          nicolae_shop_bloodbath_and_beyond, nicolae_shoals_nautilus_by_nature,
          ldierk_geyser
Shoals:2: layout_shoals, portal_ice_cave_entry_pillars_1
Shoals:3: layout_shoals, uniq_polyphemus
Shoals:4: shoals_end_grunt_ice, layout_shoals, nicolae_shoals_hunting_party
Spider:1: nicolae_spider_corner, hangedman_spider_tarantella_strand
Spider:2: layout_spider_delve, nicolae_spider_checkerboard
Spider:3: layout_cave_pods, uniq_aizul
Spider:4: floodkiller_spider_rune_tomb, hellmonk_ghost_happy_afterlife
Orc:1:    layout_diamond_mine, kennysheep_orc_chapel
Orc:2:    st_orc_rangers, layout_caves, uniq_urug
Vaults:1: nicolae_vaults_circle_grid_a, nicolae_vaults_asterisk,
          vaults_room_boxed, nicolae_vaults_big_ls, v_alt_pattern_5,
          ontoclasm_vaults_gateway, grunt_vaults_focal, v_misc_32,
          nicolae_vaults_mini_display_case, ontoclasm_vaults_tryst,
          dpeg_vaults_monster_row, layout_vaults_maze
Vaults:2: hangedman_vaults_slice, vaults_dpeg_doors, nicolae_vaults_triangles,
          nicolae_vaults_little_squares_3, hangedman_vaults_nails,
          hangedman_vaults_corner, ontoclasm_vaults_misaligned,
          vaults_mumra_hexcomb, ontoclasm_vaults_ring_small,
          vaults_room_semicircle, nicolae_vaults_alarming,
          layout_vaults_omnigrid, uniq_margery

Skill      XL: |  1  2  3  4  5  6  7  8  9 10 11 12 13 14 15 16 17 18 19 20 |
---------------+-------------------------------------------------------------+-----
Axes           | 3 4 5 6 8 9 10 13 15 16 | 16.0
Fighting       | 4 5 6 7 8 9 11 15 18 19 | 19.0
Armour         | 4 5 6 8 10 11 15 16 | 16.7
Shields        | 4 5 6 8 10 14 16 | 16.8
Invocations    | 5 7 12 14 | 14.9
Slings         | 7 9 |  9.1
Dodging        | 7 10 | 10.0
Evocations     | 8 10 | 10.4
Spellcasting   | 7 9 |  9.1
Poison Magic   | 9 |  9.3

Action                   |  1- 3 |  4- 6 |  7- 9 | 10-12 | 13-15 | 16-18 | 19-21 || total
-------------------------+-------+-------+-------+-------+-------+-------+-------++-------
Melee: War axe           |   100 |   160 |   300 |   746 |   790 |  1232 |  1046 ||  4374
 Fire: Hunting sling     |       |       |       |   191 |   687 |   594 |   169 ||  1641
Throw: Stone             |       |       |       |       |     2 |     4 |       ||     6
 Cast: Olgreb's Toxic Ra |       |       |       |       |       |       |     5 ||     5
Invok: Heroism           |       |       |       |    20 |    10 |     6 |     2 ||    38
       Finesse           |       |       |       |     5 |     6 |     1 |       ||    12
       Duel              |       |       |       |       |     1 |     1 |       ||     2
Evoke: Wand              |       |       |     3 |     1 |       |     7 |     5 ||    16
       Tin of tremorston |       |       |       |       |       |       |     5 ||     5
  Use: Scroll            |       |     9 |     1 |     9 |    15 |     7 |     1 ||    42
       Potion            |       |       |     1 |     6 |     3 |     2 |       ||    12
 Stab: Held in net/web   |       |       |     1 |       |       |       |       ||     1
       Petrified         |       |       |       |     1 |       |       |       ||     1
       Fleeing           |       |       |       |       |       |       |     1 ||     1
Armor: Scale mail        |    55 |    72 |   153 |   250 |    54 |       |       ||   584
       Chain mail        |       |       |       |   200 |   488 |   985 |   530 ||  2203
Dodge: Dodged            |    50 |    91 |   140 |   354 |   411 |   523 |   434 ||  2003
Block: Buckler           |    19 |    33 |    73 |   209 |   244 |   917 |   684 ||  2179
       Tower shield      |       |       |       |       |       |   264 |       ||   264
       Reflection        |       |       |       |       |       |    79 |    45 ||   124

Table legend: (Time is in decaauts)
 A = Elapsed time spent in this place.
 B = Non-inter-level travel time spent in this place.
 C = Inter-level travel time spent in this place.
 D = Time resting spent in this place.
 E = Time spent auto-exploring this place.
 F = Levels seen in this place.
 G = Mean time per level.
                   A        B        C        D        E       F      G
               +--------+--------+--------+--------+--------+-----+--------+
         Total |  65342 |  60471 |   4871 |  13470 |  37191 |  40 | 1633.6 |
       Dungeon |  26892 |  23877 |   3015 |   5230 |  15367 |  15 | 1792.8 |
        Temple |    450 |    400 |     50 |      0 |    392 |   1 |  450.0 |
          Lair |  13838 |  13063 |    775 |   1621 |   9582 |   6 | 2306.3 |
        Shoals |   7096 |   6834 |    262 |   1456 |   4199 |   4 | 1774.0 |
   Spider Nest |   8936 |   8433 |    503 |   3244 |   3717 |   4 | 2234.0 |
  Orcish Mines |   1770 |   1543 |    227 |    247 |    936 |   2 |  885.0 |
        Vaults |   4272 |   4235 |     37 |    942 |   2611 |   2 | 2136.0 |
         Abyss |    595 |    595 |      0 |      0 |     15 |   3 |  198.3 |
      Ice Cave |   1445 |   1445 |      0 |    703 |    367 |   1 | 1445.0 |
         Arena |     44 |     44 |      0 |     25 |      4 |   2 |   22.0 |
               +--------+--------+--------+--------+--------+-----+--------+

Top non-repeatable levels by time:
Vaults:1: 3319 daAuts
    D:13: 3204 daAuts
     D:9: 3145 daAuts
  Lair:5: 3089 daAuts
Spider:4: 3000 daAuts
  Lair:2: 2921 daAuts
  Lair:6: 2658 daAuts
     D:4: 2289 daAuts
Spider:3: 2255 daAuts
Shoals:3: 2206 daAuts
  Lair:4: 2200 daAuts
Spider:1: 2137 daAuts
    D:15: 2010 daAuts
     D:8: 1905 daAuts
     D:7: 1867 daAuts
